 Dungeon Crawl Stone Soup version 0.28-a0-1429-gf3d713df7a (webtiles) character file.

Game seed: 9770867867462813751

5919 blackman the Carver (level 11, -6/89 HPs)
             Began as a Human Wanderer on Jan 8, 2022.
             Was a Believer of the Shining One.
             Killed by divine providence
             ... invoked by a meliai
              (11 damage)
             ... on level 10 of the Dungeon.
             The game lasted 01:09:40 (21885 turns).

blackman the Carver (Human Wanderer)               Turns: 21885, Time: 01:09:41

Health: -6/89      AC: 18    Str: 16    XL:     11   Next: 9%
Magic:  11/14      EV:  5    Int:  9    God:    the Shining One [**....]
Gold:   6          SH: 13    Dex: 17    Spells: 10/10 levels left

rFire   . . .      SeeInvis .   g - +0 falchion (flame)
rCold   . . .      Faith    .   c - +0 buckler
rNeg    + . .      Spirit   .   w - +0 plate armour
rPois   +          Reflect  .   l - +1 helmet
rElec   .          Harm     .   (no cloak)
rCorr   .          Rampage  .   (no gloves)
Will    +....                   (no boots)
Stlth   ..........              f - amulet of the acrobat
HPRegen 0.24/turn               o - +4 ring of protection
MPRegen 0.14/turn               m - ring "Guthog" {Fly rPois Will+}

@: divinely shielded, about to teleport, flying, glowing, studying Invocations
A: robust 1
a: Renounce Religion, Divine Shield


You were on level 10 of the Dungeon.
You worshipped the Shining One.
The Shining One was pleased with you.
You visited 3 branches of the dungeon, and saw 13 of its levels.

You collected 660 gold pieces.
You spent 654 gold pieces at shops.

Inventory:

Hand Weapons
 a - a +0 rapier
 g - a +0 falchion of flaming (weapon)
 s - a +0 broad axe
 y - a +0 long sword
Missiles
 j - 8 poisoned darts (quivered)
 k - 9 boomerangs
Armour
 c - a +0 buckler (worn)
 d - a +0 leather armour
 e - a +0 chain mail
 l - a +1 helmet (worn)
 r - +0 steam dragon scales
 w - a +0 plate armour (worn)
Jewellery
 b - a ring of magical power
 f - an amulet of the acrobat (around neck)
 h - a ring of fire
 m - the ring "Guthog" (right hand) {Fly rPois Will+}
   (You found it on level 5 of the Dungeon)

   [ring of willpower]

   rPois:     It protects you from poison.
   Fly:       It grants you flight.
   Will:      It increases your willpower.
 o - a +4 ring of protection (left hand)
 A - a +4 ring of protection
 C - an amulet of guardian spirit
Wands
 q - a wand of digging (6)
 D - a wand of polymorph (7)
Scrolls
 i - a scroll of enchant weapon
 p - a scroll of immolation {unknown}
 v - 4 scrolls of identify
 x - a scroll of magic mapping
 B - 2 scrolls of vulnerability {unknown}
Potions
 t - a potion of haste
 z - a potion of berserk rage {unknown}


   Skills:
 - Level 6.0 Fighting
 - Level 3.0(8.2) Short Blades
 * Level 11.9(12.0) Long Blades
 - Level 5.5 Armour
 - Level 1.0 Dodging
 - Level 2.0 Stealth
 - Level 5.6 Shields
 - Level 4.0 Invocations


You had 10 spell levels left.
You didn't know any spells.
Your spell library contained the following spells:

 Spells                   Type           Power      Damage    Failure   Level
 Animate Skeleton         Necr           0%         N/A       100%        1
 Apportation              Tloc           0%         N/A       100%        1
 Beastly Appendage        Tmut           0%         N/A       100%        1
 Pain                     Necr           0%         1d4       100%        1
 Shock                    Conj/Air       0%         1d3       100%        1
 Summon Small Mammal      Summ           0%         N/A       100%        1
 Static Discharge         Conj/Air       0%         N/A       100%        2
 Wereblood                Tmut           0%         N/A       100%        2
 Dazzling Flash           Conj/Hex       0%         N/A       100%        3
 Spider Form              Tmut/Pois      0%         N/A       100%        3
 Swiftness                Air            0%         N/A       100%        3
 Vampiric Draining        Necr           0%         2d6       100%        3
 Airstrike                Air            0%         N/A       100%        4
 Dispel Undead            Necr           0%         3d6       100%        4
 Hailstorm                Conj/Ice       0%         3d3       100%        4
 Ice Form                 Ice/Tmut       0%         N/A       100%        4
 Iskenderun's Mystic Bla  Conj/Tloc      0%         2d3       100%        4
 Sticky Flame             Conj/Fire      0%         2d3       100%        4
 Alistair's Intoxication  Tmut/Pois      0%         N/A       100%        5
 Lightning Bolt           Conj/Air       0%         1d11      100%        5
 Simulacrum               Ice/Necr       0%         N/A       100%        6
 Starburst                Conj/Fire      0%         6d3       100%        6
 Maxwell's Capacitive Co  Air            0%         ∞         100%        8


Dungeon Overview and Level Annotations

Branches:
Dungeon (11/15)            Temple (1/1) D:6            Lair (1/6) D:8
    Orc (0/2) D:10

Altars:
Ashenzari
Cheibriados
Dithmenos
Elyvilon
Fedhas
Gozag
Hepliaklqana
Kikubaaqudgha
Makhleb
Nemelex Xobeh
Okawaru
Qazlal
Ru
Sif Muna
Trog
Uskayaw
Wu Jian
Yredelemnul
Zin
The Shining One
Beogh

Shops:
D:2 (=*?[   D:5 :   D:6 ?   D:10 *

Annotations:
D:4 Pikel
D:5 1 runed translucent door, Crazy Yiuf
D:10 exclusion: orange crystal statue


Innate Abilities, Weirdness & Mutations

You are robust. (+10% HP)


Message History

Something smites you!
* * * LOW HITPOINT WARNING * * *
The meliai hits you with a +0 war axe.
* * * LOW HITPOINT WARNING * * *
The meliai stings you but does no damage.
You block the meliai's attack. The meliai stings you.
* * * LOW HITPOINT WARNING * * *
You block the meliai's attack. The meliai stings you!
* * * LOW HITPOINT WARNING * * *
You fly upwards.
Level annotation: exclusion: orange crystal statue
There is a stone staircase leading down here.
Unknown command.
Press: ? - help, v - describe, . - travel
Here: a meliai, wielding a +0 war axe and wearing a +0 robe (haloed)
The floor.
As you read the scroll of fog, it crumbles to dust.
The scroll dissolves into smoke.
The meliai hits you with a +0 war axe.
* * * LOW HITPOINT WARNING * * *
The meliai stings you but does no damage.
The meliai hits you but does no damage. You block the meliai's attack. x2
The meliai barely misses you. You block the meliai's attack.
The meliai stings you but does no damage.
Aiming: Dig
Press: ? - help, Shift-Dir - straight line A rock wall.
This square is lit by a halo.
The rock shatters into small pieces.
The meliai hits you with a +0 war axe.
* * * LOW HITPOINT WARNING * * *
You block the meliai's attack. The meliai barely misses you.
You block the meliai's attack. The meliai barely misses you.
The meliai stings you but does no damage.
The meliai hits you with a +0 hand axe.
* * * LOW HITPOINT WARNING * * *
You block the meliai's attack.
As you read the scroll of teleportation, it crumbles to dust.
You feel strangely unstable. You block the meliai's attack. x2
The meliai invokes the aid of its god against you.
Something smites you!
You die...

#####. ##+####.....
#..........#
#..........#
#...........
#....##.##.#
##+#.##)##.#
#############...........
......y@y§.......##.....
###..§#y#####....##.....
#...§§§....(....(.....
#....####...##.##.....
#....# #...##.##.##.#
#....####.........##.#
#.......#.........##.#
#..?....######'#####.#
######.......######.#
#.#


You could see 3 meliai.

Vanquished Creatures
  2 centaur zombies (D:11)
  A gargoyle (D:11)
  A komodo dragon (D:8)
  Prince Ribbit (D:8)
  A wyvern (D:8)
  3 yaks (D:9)
  2 steam dragons
  3 water moccasins
  Pargi (D:5)
  An orc warrior (D:7)
  2 sky beasts (D:8)
  2 necrophages
  An ice beast (D:6)
  6 centaurs
  A phantom (D:5)
  2 lemures (D:3)
  2 kobold brigands
  A gnoll sergeant (D:8)
  A wyvern zombie (D:6)
  2 bullfrogs
  2 scorpions
  A water moccasin zombie (D:5)
  4 wights (D:8)
  3 vampire bats (D:10)
  6 howler monkeys
  A bullfrog zombie (D:3)
  A hound (D:3)
  7 orc priests
  A gnoll shaman (D:5)
  Terence (D:2)
  3 iguanas
  9 orc wizards
  A howler monkey zombie (D:9)
  A howler monkey skeleton (D:4)
  13 adders
  13 gnolls
  3 shadow imps
  A white imp (D:5)
  An ufetubus (D:6)
  An adder skeleton (D:4)
  2 worms (D:2)
  4 dart slugs
  28 orcs
  4 bat skeletons (D:10)
  A bat zombie (D:10)
  9 endoplasms
  4 giant cockroaches
  6 hobgoblins
  3 jackals (D:1)
  7 quokkas
  10 ball pythons
  6 bats
  5 frilled lizards
  10 goblins
  14 kobolds
  8 rats
230 creatures vanquished.

Vanquished Creatures (others)
  An ogre (D:5)
  A fungus (D:5)
2 creatures vanquished.

Grand Total: 232 creatures vanquished

Notes
Turn   | Place    | Note
-------+----------+-------------------------------------------
     0 | D:1      | blackman the Human Wanderer began the quest for the Orb.
     0 | D:1      | blackman set off with the following items: a +0 rapier, a
                  | potion of mutation, a +0 buckler, a +0 leather armour
     0 | D:1      | Reached XP level 1. HP: 15/15 MP: 1/1
     0 | D:1      | Gained mutation: You are robust. (+10% HP) [potion of
                  | mutation]
   142 | D:1      | Reached skill level 1 in Long Blades
   299 | D:1      | Reached XP level 2. HP: 23/23 MP: 2/2
   378 | D:1      | Found a faded altar of an unknown god.
   389 | D:1      | Prayed at the altar of an unknown god.
   389 | D:1      | Became a worshipper of Elyvilon the Healer
   389 | D:1      | Reached * piety under Elyvilon
   511 | D:1      | Reached skill level 2 in Long Blades
   726 | D:1      | Reached XP level 3. HP: 25/28 MP: 3/3
  1437 | D:2      | Found Orphuloymn's Antique Weapon Shoppe.
  1479 | D:2      | Reached skill level 3 in Long Blades
  1480 | D:2      | HP: 2/42 [frozen (2)]
  1490 | D:2      | Reached XP level 4. HP: 35/35 MP: 2/4
  1668 | D:2      | Noticed Terence
  1693 | D:2      | Killed Terence
  2005 | D:2      | Found Xowenk's General Store.
  2016 | D:2      | Found Melecrue's Jewellery Emporium.
  2366 | D:2      | Reached skill level 4 in Long Blades
  2404 | D:2      | Found Rishoas's Antique Armour Shop.
  2428 | D:2      | Reached XP level 5. HP: 35/40 MP: 5/5
  2609 | D:2      | Reached ** piety under Elyvilon
  2896 | D:2      | Found Lyntiet's Magic Scroll Boutique.
  4059 | D:3      | Reached skill level 5 in Long Blades
  4858 | D:3      | Noticed a centaur
  4866 | D:3      | Killed a centaur
  4867 | D:3      | Reached XP level 6. HP: 44/47 MP: 6/6
  5020 | D:3      | Reached skill level 6 in Long Blades
  5369 | D:3      | Reached XP level 7. HP: 52/52 MP: 7/7
  5723 | D:3      | Reached *** piety under Elyvilon
  5908 | D:4      | Noticed Pargi
  6250 | D:4      | Noticed Pikel
  7283 | D:5      | Entered Level 5 of the Dungeon
  7723 | D:5      | Identified the ring "Guthog" {Fly rPois Will+}
  7876 | D:5      | Reached skill level 7 in Long Blades
  7900 | D:5      | Reached XP level 8. HP: 57/59 MP: 8/11
  8260 | D:5      | Found Kevoss's Book Shoppe.
  8682 | D:5      | Found a runed translucent door.
  8683 | D:5      | Noticed Crazy Yiuf
  8993 | D:5      | Killed Pargi
  8994 | D:5      | Reached skill level 8 in Long Blades
 11246 | D:6      | Reached skill level 9 in Long Blades
 11423 | D:6      | Found an ornate altar of the Wu Jian Council.
 11473 | D:6      | Noticed a komodo dragon
 11600 | D:6      | Found Meithofo's Magic Scroll Shoppe.
 11751 | D:6      | Bought a scroll of teleportation for 30 gold pieces
 11795 | D:6      | Reached XP level 9. HP: 24/64 MP: 6/12
 12194 | D:6      | Found a staircase to the Ecumenical Temple.
 12216 | Temple   | Entered the Ecumenical Temple
 13058 | Temple   | Fell from the grace of Elyvilon
 13058 | Temple   | Became a worshipper of the Shining One
 13058 | Temple   | Reached * piety under the Shining One
 13739 | D:7      | Reached skill level 10 in Long Blades
 14732 | D:8      | Noticed Prince Ribbit
 14749 | D:8      | Killed Prince Ribbit
 14750 | D:8      | Reached skill level 5 in Shields
 15028 | D:8      | Found a staircase to the Lair.
 15327 | D:8      | Found a sacrificial altar of Ru.
 16209 | D:8      | Noticed a gargoyle
 16209 | D:8      | Noticed a troll
 16329 | D:8      | Reached XP level 10. HP: 43/74 MP: 13/13
 17045 | D:8      | Reached skill level 5 in Fighting
 17045 | D:8      | Reached skill level 5 in Armour
 18163 | D:9      | Found an opulent altar of Gozag.
 18163 | D:9      | Found a sparkling altar of Nemelex Xobeh.
 18164 | D:9      | Found a glowing silver altar of Zin.
 18754 | D:10     | Entered Level 10 of the Dungeon
 18844 | D:10     | Noticed a boulder beetle
 19862 | D:10     | Found Kovitro's General Store.
 19980 | D:10     | Found an ancient bone altar of Kikubaaqudgha.
 20205 | D:10     | Noticed an orange crystal statue
 20214 | D:11     | Found a stormy altar of Qazlal.
 20306 | D:11     | Noticed a gargoyle
 20315 | D:11     | Killed a gargoyle
 20316 | D:11     | Reached skill level 11 in Long Blades
 20378 | D:11     | Reached ** piety under the Shining One
 20577 | D:2      | Bought a scroll of acquirement for 624 gold pieces
 20577 | D:2      | Acquired a manual of Invocations
 20876 | Lair:1   | Entered Level 1 of the Lair of Beasts
 20955 | Lair:1   | Noticed a komodo dragon
 21025 | D:8      | Killed a komodo dragon
 21026 | D:8      | Reached XP level 11. HP: 44/89 MP: 14/14
 21368 | D:10     | Found a staircase to the Orcish Mines.
 21885 | D:10     | Killed from afar by a meliai

Illustrated notes

Levels and vault maps discovered:
D:1:      dpeg_arrival_more_subterranean_lakeside_camping, layout_loops_corners,
          hellmonk_ecumenical_altar_pennies_from_heaven
D:2:      layout_loops_ring, serial_shops, shop, nicolae_shop_statue_plus, shop,
          nicolae_lakefront_shop, nicolae_shop_crystal, minmay_statues_item,
          minmay_pentomino_pile, uniq_terence
D:3:      minmay_bubble_buster, layout_loops_ring
D:4:      layout_rooms, mainiacjoe_overflow_brackets, kennysheep_little_box,
          uniq_pikel, uniq_pargi
D:5:      layout_cave_pools, serial_shops, nicolae_shop_behind_doors,
          lemuel_old_faithful, uniq_crazy_yiuf_cottage
D:6:      layout_rooms, mainiacjoe_overflow_alcove_2,
          minmay_temple_entry_offerings, serial_shops, shop,
          hangedman_decor_growths, minmay_misc_feat_iff, minivault_25,
          nicolae_good_shop
D:7:      cheibrodos_steamvent, layout_rooms
D:8:      layout_basic, nicolae_ru_great_annihilating_truth, lair_entry_dummy,
          lightli_corner_chamber, uniq_prince_ribbit1
D:9:      layout_loops_ring, chequers_temple_overflow_statue_of_worship,
          enter_bailey_7
D:10:     layout_basic, kennysheep_vampire_church, david_orc_5, serial_shops,
          nicolae_shop_behind_doors, minivault_16,
          hangedman_abyss_or_decor_lesser_grid
D:11:     lemuel_troll_bridge, layout_layer_cave, grunt_qazlal_clouds,
          uniq_sonja
Temple:   eino_narrow_crystal_temple
Lair:1:   layout_chaotic_city

Skill      XL: |  1  2  3  4  5  6  7  8  9 10 |
---------------+-------------------------------+-----
Long Blades    | 1 2 3 4 5 6 7 9 10 11 | 11.9
Invocations    | 4 |  4.0
Shields        | 5 |  5.6
Fighting       | 2 6 |  6.0
Armour         | 2 5 |  5.5
Short Blades   | |  3.0
Dodging        | |  1.0
Stealth        | |  2.0

Action                   |  1- 3 |  4- 6 |  7- 9 | 10-12 || total
-------------------------+-------+-------+-------+-------++-------
Melee: Rapier            |    91 |    76 |       |       ||   167
       Falchion          |       |   180 |   580 |   341 ||  1101
Throw: Boomerang         |       |     8 |    77 |    11 ||    96
       Dart              |       |     4 |     1 |       ||     5
       Throwing net      |       |       |       |     3 ||     3
Invok: Purification      |     2 |     1 |     3 |       ||     6
       Heal Self         |       |       |    10 |       ||    10
       Divine Shield     |       |       |     5 |     6 ||    11
Evoke: Wand              |       |       |     6 |     5 ||    11
  Use: Potion            |     4 |       |     4 |     5 ||    13
       Scroll            |       |       |     7 |     8 ||    15
 Stab: Sleeping          |     4 |       |       |       ||     4
Armor: Leather armour    |    25 |     4 |       |       ||    29
       Skin              |     4 |       |       |       ||     4
       Chain mail        |       |   121 |   279 |       ||   400
       Plate armour      |       |       |    65 |   203 ||   268
Dodge: Dodged            |    47 |    76 |   148 |   117 ||   388
Block: Buckler           |    30 |    59 |   161 |   149 ||   399

Table legend: (Time is in decaauts)
 A = Elapsed time spent in this place.
 B = Non-inter-level travel time spent in this place.
 C = Inter-level travel time spent in this place.
 D = Time resting spent in this place.
 E = Time spent auto-exploring this place.
 F = Levels seen in this place.
 G = Mean time per level.
                   A        B        C        D        E       F      G
               +--------+--------+--------+--------+--------+-----+--------+
         Total |  21854 |  20102 |   1752 |  10861 |   5705 |  13 | 1681.1 |
       Dungeon |  20883 |  19152 |   1731 |  10267 |   5445 |  11 | 1898.5 |
        Temple |    856 |    836 |     20 |    594 |    185 |   1 |  856.0 |
          Lair |    114 |    114 |      0 |      0 |     75 |   1 |  114.0 |
               +--------+--------+--------+--------+--------+-----+--------+

Top non-repeatable levels by time:
     D:3: 3612 daAuts
     D:2: 3329 daAuts
     D:5: 2916 daAuts
     D:8: 2507 daAuts
     D:6: 1896 daAuts
     D:9: 1522 daAuts
     D:7: 1355 daAuts
     D:1: 1213 daAuts
     D:4: 1090 daAuts
  Temple: 856 daAuts
    D:10: 754 daAuts
    D:11: 684 daAuts
  Lair:1: 114 daAuts
